Mulligans vs Demolitions
Created - January 24, 2019 at 19:05
Goals
|
| Mulligans |
1 |
2 |
0 |
0 |
1 |
3 |
| Demolitions |
1 |
1 |
1 |
0 |
2 |
4 |
|
Shots
|
| Mulligans |
13 |
22 |
8 |
0 |
3 |
43 |
| Demolitions |
9 |
16 |
5 |
2 |
3 |
32 |
|
1st period
1. Demolitions , Erik Cole 23 (Spencer Machacek 17, Michael Latta 35) at 5:09
2. Mulligans , Nick Bonino 32 (Eric Tangradi 26) at 16:56
Penalties :
Logan Shaw (Rep) for Tripping (Minor) at 17:31
2nd period
3. Demolitions , Michael Latta 12 (Cameron Schilling 24, Spencer Machacek 18) at 0:53
4. Mulligans , Nick Bonino 33 (Jonathan Tremblay 14, Matt Donovan 42) at 6:42
5. Mulligans , Michael Sdao 3 (Logan Shaw 17, Anton Lander 20) at 11:02 (PP)
Penalties :
Jonathan Tremblay (Rep) for Hooking (Minor) at 3:44, Karri Ramo (Vic) for Slashing (Minor) at 10:27 - Seth Helgeson served the penalty, Cameron Schilling (Vic) for Boarding (Minor) at 14:31, Calvin Pickard (Rep) for Delaying the game (Minor) at 18:11 - Michael Sdao served the penalty
3rd period
6. Demolitions , Dennis Everberg 7 (Cameron Schilling 25) at 12:42
Penalties :
No Penalty
Overtime #1
No Goal
Penalties :
No Penalty
Shootout
Mulligans, Nick Bonino - Stopped by Karri Ramo
Demolitions, Erik Cole - Goal!
Mulligans, Eric Tangradi - Shot Misses the Net
Demolitions, Spencer Machacek - Stopped by Calvin Pickard
Mulligans, Anton Lander - Goal!
Demolitions, Michael Latta - Goal!
Penalties :
No Penalty
Goalie Stats
Calvin Pickard (Rep), 29 saves from 32 shots - (0.906), OTL, 11-9-3, 65:00 minutes
Karri Ramo (Vic), 40 saves from 43 shots - (0.930), W, 7-10-1, 65:00 minutes
Players Stats for Mulligans
Player Name G A P +/- PIM S H SB GA TA FO MP PP MP PK MP
------------------------------------------------------------------------------------
Anton Lander 0 1 1 0 0 4 2 0 0 1 5/12 18:03 1:10 1:29
Ben Hutton 0 0 0 -1 0 0 3 4 0 0 0/0 20:37 0:57 2:08
Cade Fairchild 0 0 0 -2 0 0 3 0 0 0 0/0 14:54 0:00 0:00
Christoph Bertschy 0 0 0 0 0 0 0 0 0 0 1/3 8:39 0:00 0:00
Cody Goloubef 0 0 0 2 0 3 2 1 0 1 0/0 24:49 1:37 3:49
Dalton Thrower 0 0 0 0 0 0 1 0 0 0 0/0 5:15 0:00 0:23
Darren Dietz 0 0 0 -2 0 1 0 3 0 1 0/0 15:24 0:00 0:33
Drayson Bowman 0 0 0 0 0 7 2 0 1 0 0/0 15:16 1:10 0:00
Eric Tangradi 0 1 1 0 0 2 1 1 0 0 1/2 23:37 1:24 2:50
Jonathan Tremblay 0 1 1 0 2 1 2 0 1 0 0/0 18:40 1:24 0:00
Joonas Donskoi 0 0 0 -1 0 0 1 0 0 1 0/0 12:27 0:00 0:00
Logan Shaw 0 1 1 0 2 5 2 0 1 0 0/1 15:16 1:10 0:00
Matt Beleskey 0 0 0 0 0 4 1 0 0 0 1/2 10:26 0:00 1:44
Matt Donovan 0 1 1 2 0 4 2 2 1 1 0/0 29:32 1:37 3:49
Maxime Macenauer 0 0 0 -1 0 1 1 0 0 0 3/6 13:47 0:00 1:29
Michael Sdao 1 0 1 -1 0 3 7 2 1 0 0/0 19:44 0:57 1:12
Nick Bonino 2 0 2 0 0 6 1 0 1 1 12/30 23:43 1:24 2:51
Sven Baertschi 0 0 0 -1 0 1 3 0 0 0 0/0 14:14 0:00 1:31
Valeri Nichushkin 0 0 0 0 0 1 1 0 0 0 0/0 9:38 0:00 0:00
Players Stats for Demolitions
Player Name G A P +/- PIM S H SB GA TA FO MP PP MP PK MP
------------------------------------------------------------------------------------
Aaron Palushaj 0 0 0 0 0 1 2 0 0 0 0/0 9:58 0:00 0:00
Alex Hutchings 0 0 0 0 0 0 1 0 0 0 0/0 8:36 0:00 0:17
Andrej Nestrasil 0 0 0 0 0 1 0 1 0 0 0/0 7:34 0:00 0:00
Billy Sweat 0 0 0 0 0 1 1 0 0 0 0/0 11:35 0:00 0:00
Brandon McMillan 0 0 0 1 0 3 1 0 0 1 0/1 17:10 2:24 0:00
Cameron Schilling 0 2 2 1 2 1 3 3 0 1 0/0 19:51 2:53 0:00
Corban Knight 0 0 0 1 0 1 1 0 1 1 5/8 19:24 2:24 0:35
Dennis Everberg 1 0 1 1 0 3 2 1 0 0 2/2 17:10 2:24 0:00
Derek Forbort 0 0 0 1 0 0 0 0 0 0 0/0 14:33 0:00 1:23
Dmitri Orlov 0 0 0 1 0 2 0 0 1 0 0/0 21:27 2:53 0:48
Erik Cole 1 0 1 0 0 5 1 0 0 0 4/4 25:39 3:33 1:37
Joel Vermin 0 0 0 0 0 1 1 0 1 0 0/0 7:34 0:00 0:00
Jonathan Blum 0 0 0 -1 0 2 1 4 1 0 0/0 30:08 3:04 1:46
Michael Latta 1 1 2 0 0 3 3 0 1 1 20/36 24:10 3:33 0:28
Nick Shore 0 0 0 0 0 0 0 0 0 0 1/1 2:04 0:00 0:00
Phil McRae 0 0 0 0 0 1 0 0 0 0 0/2 11:53 0:00 0:27
Seth Helgeson 0 0 0 -1 0 2 1 4 0 0 0/0 29:30 3:04 1:11
Spencer Machacek 0 2 2 0 0 5 4 1 1 0 1/2 25:47 3:33 1:44
Taylor Aronson 0 0 0 1 0 0 2 4 0 2 0/0 13:22 0:00 0:00
3 Stars
1 - Nick Bonino (Rep)
2 - Michael Latta (Vic)
3 - Spencer Machacek (Vic)
Power Play
Mulligans - 1 on 2 Attempt(s) - 50.00%
Demolitions - 0 on 3 Attempt(s) - 0.00%
Penalty Kill
Mulligans - 3 on 3 Attempt(s) - 100.00%
- Score 0 goal in Penalty Kill
Demolitions - 1 on 2 Attempt(s) - 50.00%
- Score 0 goal in Penalty Kill
Team Stat
Mulligans - Hits : 35 - Faceoff Wins : 23 - Blocked Shots : 13 - Penalty Minutes : 6
Demolitions - Hits : 24 - Faceoff Wins : 33 - Blocked Shots : 18 - Penalty Minutes : 4
Official
Referees : Unknown
Linesman : Unknown
Game Notes
No Game Note
Finance
Level 1 -- Attendance: 1591 (79.55%) -- Ticket Income $41,366
Level 2 -- Attendance: 766 (76.60%) -- Ticket Income $6,894
Total Attendance: 2357 (78.57%)
Total Ticket Income: $48,260
Other Income: $2,413
Total Income: $50,673
Mulligans
5 vs 5 Forward
Center Left Wing Right Wing Time % Phy DF OF
1 Nick Bonino Eric Tangradi Jonathan Tremblay 40 0 2 3
2 Anton Lander Drayson Bowman Logan Shaw 30 0 2 3
3 Maxime Macenauer Sven Baertschi Joonas Donskoi 20 0 2 3
4 Christoph Bertschy Matt Beleskey Valeri Nichushkin 10 0 2 3
5 vs 5 Defense
Defense Defense Time % Phy DF OF
1 Matt Donovan Cody Goloubef 40 0 3 2
2 Michael Sdao Ben Hutton 30 0 3 2
3 Cade Fairchild Darren Dietz 20 0 3 2
4 Dalton Thrower Matt Donovan 10 0 3 2
PowerPlay Forward
Center Left Wing Right Wing Time % Phy DF OF
1 Nick Bonino Eric Tangradi Jonathan Tremblay 60 0 1 4
2 Anton Lander Drayson Bowman Logan Shaw 40 0 1 4
PowerPlay Defense
Defense Defense Time % Phy DF OF
1 Matt Donovan Cody Goloubef 60 0 2 3
2 Michael Sdao Ben Hutton 40 0 2 3
Penalty Kill 4 Players Forward
Center Wing Time % Phy DF OF
1 Nick Bonino Eric Tangradi 60 0 3 2
2 Anton Lander Maxime Macenauer 40 0 3 2
Penalty Kill 4 Players Defense
Defense Defense Time % Phy DF OF
1 Matt Donovan Cody Goloubef 60 1 4 0
2 Michael Sdao Ben Hutton 40 1 4 0
Penalty Kill - 3 Players Forward
Forward Time % Phy DF OF
1 Nick Bonino 60 1 3 1
2 Eric Tangradi 40 1 3 1
Penalty Kill - 3 Players Defense
Defense Defense Time % Phy DF OF
1 Matt Donovan Cody Goloubef 60 1 4 0
2 Michael Sdao Ben Hutton 40 1 4 0
4 vs 4 Forward
Center Wing Time % Phy DF OF
1 Nick Bonino Eric Tangradi 60 0 2 3
2 Anton Lander Maxime Macenauer 40 0 2 3
4 vs 4 Defense
Defense Defense Time % Phy DF OF
1 Matt Donovan Cody Goloubef 60 0 3 2
2 Michael Sdao Ben Hutton 40 0 3 2
Last Minutes Offensive
Center Left Wing Right Wing Defense Defense
Nick Bonino Eric Tangradi Jonathan Tremblay Matt Donovan Cody Goloubef
Last Minutes Defensive
Center Left Wing Right Wing Defense Defense
Nick Bonino Eric Tangradi Jonathan Tremblay Matt Donovan Cody Goloubef
Goaltenders
Starting : Calvin Pickard
Backup : Juuse Saros
Extra Forwards
Normal : Sven Baertschi, Joonas Donskoi, Valeri Nichushkin - PP : Sven Baertschi, Joonas Donskoi - PK : Matt Beleskey
Extra Defensemen
Normal : Cade Fairchild, Darren Dietz, Dalton Thrower - PP : Cade Fairchild - PK : Darren Dietz, Dalton Thrower
Penalty Shots
Nick Bonino, Eric Tangradi, Anton Lander, Maxime Macenauer, Jonathan Tremblay
Scratches
Reid Boucher (Healthy), Nick Moutrey (Healthy), John Hayden (Healthy), Jonny Brodzinski (Healthy), Marek Langhamer (Healthy)
Demolitions
5 vs 5 Forward
Center Left Wing Right Wing Time % Phy DF OF
1 Michael Latta Erik Cole Spencer Machacek 61 0 0 5
2 Corban Knight Brandon McMillan Dennis Everberg 25 1 2 2
3 Phil McRae Billy Sweat Aaron Palushaj 10 1 2 2
4 Andrej Nestrasil Alex Hutchings Joel Vermin 4 1 2 2
5 vs 5 Defense
Defense Defense Time % Phy DF OF
1 Jonathan Blum Seth Helgeson 62 0 0 5
2 Cameron Schilling Dmitri Orlov 24 1 2 2
3 Taylor Aronson Derek Forbort 10 1 2 2
4 Jonathan Blum Seth Helgeson 4 1 2 2
PowerPlay Forward
Center Left Wing Right Wing Time % Phy DF OF
1 Michael Latta Erik Cole Spencer Machacek 60 0 0 5
2 Corban Knight Brandon McMillan Dennis Everberg 40 0 0 5
PowerPlay Defense
Defense Defense Time % Phy DF OF
1 Jonathan Blum Seth Helgeson 60 0 0 5
2 Cameron Schilling Dmitri Orlov 40 0 0 5
Penalty Kill 4 Players Forward
Center Wing Time % Phy DF OF
1 Erik Cole Spencer Machacek 60 1 2 2
2 Michael Latta Corban Knight 40 1 2 2
Penalty Kill 4 Players Defense
Defense Defense Time % Phy DF OF
1 Jonathan Blum Seth Helgeson 60 1 2 2
2 Cameron Schilling Dmitri Orlov 40 1 2 2
Penalty Kill - 3 Players Forward
Forward Time % Phy DF OF
1 Erik Cole 60 1 2 2
2 Spencer Machacek 40 1 2 2
Penalty Kill - 3 Players Defense
Defense Defense Time % Phy DF OF
1 Jonathan Blum Seth Helgeson 60 1 2 2
2 Cameron Schilling Dmitri Orlov 40 1 2 2
4 vs 4 Forward
Center Wing Time % Phy DF OF
1 Erik Cole Spencer Machacek 60 1 2 2
2 Michael Latta Corban Knight 40 1 2 2
4 vs 4 Defense
Defense Defense Time % Phy DF OF
1 Jonathan Blum Seth Helgeson 60 1 2 2
2 Cameron Schilling Dmitri Orlov 40 1 2 2
Last Minutes Offensive
Center Left Wing Right Wing Defense Defense
Michael Latta Erik Cole Spencer Machacek Jonathan Blum Seth Helgeson
Last Minutes Defensive
Center Left Wing Right Wing Defense Defense
Michael Latta Erik Cole Spencer Machacek Jonathan Blum Seth Helgeson
Goaltenders
Starting : Karri Ramo
Backup : Connor Hellebyuk
Extra Forwards
Normal : Nick Shore, Billy Sweat, Phil McRae - PP : Nick Shore, Billy Sweat - PK : Phil McRae
Extra Defensemen
Normal : Taylor Aronson, Derek Forbort, Cameron Schilling - PP : Taylor Aronson - PK : Derek Forbort, Cameron Schilling
Penalty Shots
Erik Cole, Spencer Machacek, Michael Latta, Corban Knight, Brandon McMillan
Scratches
Ryan Olsen (Healthy), Thomas DiPauli (Healthy), JC Lipon (Healthy), Robert Bortuzzo (Healthy), Taylor Leier (Healthy)
Colton Sceviour (Healthy), Nick Pryor (Healthy), Jake Paterson (Healthy)
% Time on Ice - Mulligans
Lines # - Real PCT - Wanted PCT - Time Play
Normal Forward
1 - 34% - 40% - 17:35
2 - 27% - 30% - 14:07
3 - 22% - 20% - 11:08
4 - 17% - 10% - 8:39
Normal Defense
1 - 33% - 40% - 17:10
2 - 30% - 30% - 15:33
3 - 27% - 20% - 14:03
4 - 9% - 10% - 4:43
PP Forward
1 - 55% - 60% - 1:24
2 - 45% - 40% - 1:10
PP Defense
1 - 63% - 60% - 1:37
2 - 37% - 40% - 0:57
PK Forward
1 - 75% - 60% - 4:28
2 - 25% - 40% - 1:29
PK Defense
1 - 64% - 60% - 3:49
2 - 36% - 40% - 2:08
PK3 Forward
1 - 0% - 60%
2 - 0% - 40%
PK3 Defense
1 - 0% - 60%
2 - 0% - 40%
44 Forward
1 - 77% - 60% - 3:51
2 - 23% - 40% - 1:09
44 Defense
1 - 60% - 60% - 3:01
2 - 40% - 40% - 1:59
Last Minute Offensive - 0:00
Last Minute Defensive - 0:00
Total
Forward - 65:00
Defense - 65:00
|
% Time on Ice - Demolitions
Lines # - Real PCT - Wanted PCT - Time Play
Normal Forward
1 - 37% - 61% - 18:54
2 - 29% - 25% - 15:03
3 - 19% - 10% - 9:58
4 - 15% - 4% - 7:34
Normal Defense
1 - 48% - 62% - 24:40
2 - 30% - 24% - 15:23
3 - 22% - 10% - 11:26
4 - 0% - 4% - 0:00
PP Forward
1 - 60% - 60% - 3:33
2 - 40% - 40% - 2:24
PP Defense
1 - 52% - 60% - 3:04
2 - 48% - 40% - 2:53
PK Forward
1 - 82% - 60% - 2:06
2 - 18% - 40% - 0:28
PK Defense
1 - 69% - 60% - 1:46
2 - 31% - 40% - 0:48
PK3 Forward
1 - 0% - 60%
2 - 0% - 40%
PK3 Defense
1 - 0% - 60%
2 - 0% - 40%
44 Forward
1 - 72% - 60% - 3:37
2 - 28% - 40% - 1:23
44 Defense
1 - 55% - 60% - 2:44
2 - 45% - 40% - 2:16
Last Minute Offensive - 0:00
Last Minute Defensive - 0:00
Total
Forward - 65:00
Defense - 65:00
|
Play-by-Play
1st period
0:01 of 1st period - Nick Bonino wins face-off versus Michael Latta in neutral zone.
0:14 of 1st period - Snap shot by Spencer Machacek.
0:14 of 1st period - Shot Blocked by Matt Donovan.
0:16 of 1st period - Backhand shot by Erik Cole.
0:16 of 1st period - Shot Misses the Net.
0:39 of 1st period - Icing by Ben Hutton.
0:40 of 1st period - Michael Latta wins face-off versus Anton Lander in Mulligans zone.
1:06 of 1st period - Snap shot by Drayson Bowman.
1:06 of 1st period - Stopped by Karri Ramo with a rebound.
1:12 of 1st period - Logan Shaw is hit by Cameron Schilling and loses puck.
1:35 of 1st period - Wrist shot by Sven Baertschi.
1:35 of 1st period - Stopped by Karri Ramo with a rebound.
1:49 of 1st period - Wrist shot by Spencer Machacek.
1:49 of 1st period - Shot Misses the Net.
2:13 of 1st period - Backhand shot by Brandon McMillan.
2:13 of 1st period - Stopped by Calvin Pickard with a rebound.
2:29 of 1st period - Wrist shot by Sven Baertschi.
2:29 of 1st period - Shot Misses the Net.
3:51 of 1st period - Cameron Schilling is hit by Michael Sdao and loses puck.
4:12 of 1st period - Dalton Thrower is hit by Joel Vermin and loses puck.
4:23 of 1st period - Snap shot by Alex Hutchings.
4:23 of 1st period - Deflect By Andrej Nestrasil.
4:23 of 1st period - Stopped by Calvin Pickard without a rebound.
4:24 of 1st period - Nick Bonino wins face-off versus Michael Latta in Mulligans zone.
4:33 of 1st period - Slapshot by Spencer Machacek.
4:33 of 1st period - Stopped by Calvin Pickard without a rebound.
4:34 of 1st period - Nick Bonino wins face-off versus Michael Latta in Mulligans zone.
4:45 of 1st period - Snap shot by Erik Cole.
4:45 of 1st period - Shot Misses the Net.
4:47 of 1st period - Slapshot by Dmitri Orlov.
4:47 of 1st period - Shot Hit the Post.
4:49 of 1st period - Backhand shot by Erik Cole.
4:49 of 1st period - Shot Blocked by Darren Dietz.
4:51 of 1st period - Slapshot by Cameron Schilling.
4:51 of 1st period - Stopped by Calvin Pickard with a rebound.
4:53 of 1st period - Snap shot by Spencer Machacek.
4:53 of 1st period - Stopped by Calvin Pickard with a rebound.
5:09 of 1st period - Wrist shot by Erik Cole.
5:09 of 1st period - Goal by Erik Cole - Mulligans : 0 - Demolitions : 1.
5:10 of 1st period - Corban Knight wins face-off versus Anton Lander in neutral zone.
5:35 of 1st period - Cody Goloubef is hit by Michael Latta and loses puck.
5:48 of 1st period - Wrist shot by Spencer Machacek.
5:48 of 1st period - Shot Hit the Post.
6:20 of 1st period - Wrist shot by Matt Beleskey.
6:20 of 1st period - Stopped by Karri Ramo with a rebound.
6:22 of 1st period - Slapshot by Michael Sdao.
6:22 of 1st period - Stopped by Karri Ramo with a rebound.
6:24 of 1st period - Wrist shot by Christoph Bertschy.
6:24 of 1st period - Shot Misses the Net.
7:08 of 1st period - Spencer Machacek is hit by Sven Baertschi and loses puck.
7:48 of 1st period - Slapshot by Drayson Bowman.
7:48 of 1st period - Shot Blocked by Andrej Nestrasil.
7:50 of 1st period - Slapshot by Matt Donovan.
7:50 of 1st period - Shot Blocked by Taylor Aronson.
7:52 of 1st period - Wrist shot by Anton Lander.
7:52 of 1st period - Deflect By Drayson Bowman.
7:52 of 1st period - Stopped by Karri Ramo with a rebound.
7:54 of 1st period - Wrist shot by Drayson Bowman.
7:54 of 1st period - Shot Blocked by Taylor Aronson.
8:36 of 1st period - Joonas Donskoi is hit by Dennis Everberg.
8:42 of 1st period - Corban Knight is hit by Dalton Thrower and loses puck.
8:52 of 1st period - Off-side.
8:53 of 1st period - Nick Bonino wins face-off versus Michael Latta in neutral zone.
9:07 of 1st period - Snap shot by Michael Latta.
9:07 of 1st period - Shot Misses the Net.
9:34 of 1st period - Maxime Macenauer is hit by Aaron Palushaj and loses puck.
10:29 of 1st period - Jonathan Tremblay is hit by Taylor Aronson and loses puck.
10:40 of 1st period - Snap shot by Nick Bonino.
10:40 of 1st period - Stopped by Karri Ramo with a rebound.
10:42 of 1st period - Wrist shot by Eric Tangradi.
10:42 of 1st period - Deflect By Jonathan Tremblay.
10:42 of 1st period - Shot Blocked by Taylor Aronson.
10:42 of 1st period - Puck is out of play.
10:43 of 1st period - Michael Latta wins face-off versus Anton Lander in Demolitions zone.
10:43 of 1st period - Michael Latta is hit by Michael Sdao.
10:51 of 1st period - Slapshot by Logan Shaw.
10:51 of 1st period - Shot Misses the Net.
10:53 of 1st period - Snap shot by Logan Shaw.
10:53 of 1st period - Deflect By Drayson Bowman.
10:53 of 1st period - Stopped by Karri Ramo with a rebound.
11:23 of 1st period - Snap shot by Jonathan Blum.
11:23 of 1st period - Shot Blocked by Michael Sdao.
11:36 of 1st period - Off-side.
11:37 of 1st period - Christoph Bertschy wins face-off versus Phil McRae in neutral zone.
11:45 of 1st period - Wrist shot by Billy Sweat.
11:45 of 1st period - Stopped by Calvin Pickard with a rebound.
12:07 of 1st period - Snap shot by Nick Bonino.
12:07 of 1st period - Stopped by Karri Ramo with a rebound.
12:09 of 1st period - Snap shot by Darren Dietz.
12:09 of 1st period - Shot Misses the Net.
12:22 of 1st period - Icing by Michael Latta.
12:23 of 1st period - Anton Lander wins face-off versus Corban Knight in Demolitions zone.
12:28 of 1st period - Wrist shot by Logan Shaw.
12:28 of 1st period - Deflect By Drayson Bowman.
12:28 of 1st period - Shot Misses the Net.
12:28 of 1st period - Puck is out of play.
12:29 of 1st period - Nick Bonino wins face-off versus Corban Knight in Demolitions zone.
12:42 of 1st period - Snap shot by Nick Bonino.
12:42 of 1st period - Shot Blocked by Seth Helgeson.
12:54 of 1st period - Cody Goloubef is hit by Spencer Machacek and loses puck.
13:01 of 1st period - Slapshot by Spencer Machacek.
13:01 of 1st period - Stopped by Calvin Pickard with a rebound.
13:35 of 1st period - Derek Forbort is hit by Michael Sdao.
13:51 of 1st period - Jonathan Tremblay is hit by Aaron Palushaj and loses puck.
14:14 of 1st period - Slapshot by Michael Latta.
14:14 of 1st period - Shot Misses the Net.
15:20 of 1st period - Backhand shot by Drayson Bowman.
15:20 of 1st period - Shot Misses the Net.
15:32 of 1st period - Wrist shot by Matt Beleskey.
15:32 of 1st period - Stopped by Karri Ramo without a rebound.
15:33 of 1st period - Michael Latta wins face-off versus Christoph Bertschy in Demolitions zone.
15:58 of 1st period - Wrist shot by Drayson Bowman.
15:58 of 1st period - Shot Misses the Net.
16:28 of 1st period - Snap shot by Dennis Everberg.
16:28 of 1st period - Deflect By Corban Knight.
16:28 of 1st period - Stopped by Calvin Pickard without a rebound.
16:29 of 1st period - Dennis Everberg wins face-off versus Logan Shaw in Mulligans zone.
16:36 of 1st period - Slapshot by Brandon McMillan.
16:36 of 1st period - Deflect By Dennis Everberg.
16:36 of 1st period - Shot Misses the Net.
16:36 of 1st period - Puck is out of play.
16:37 of 1st period - Dennis Everberg wins face-off versus Anton Lander in Mulligans zone.
16:50 of 1st period - Wrist shot by Anton Lander.
16:50 of 1st period - Shot Misses the Net.
16:52 of 1st period - Snap shot by Logan Shaw.
16:52 of 1st period - Stopped by Karri Ramo without a rebound.
16:53 of 1st period - Eric Tangradi wins face-off versus Michael Latta in Demolitions zone.
16:56 of 1st period - Snap shot by Nick Bonino.
16:56 of 1st period - Goal by Nick Bonino - Mulligans : 1 - Demolitions : 1.
16:57 of 1st period - Spencer Machacek wins face-off versus Nick Bonino in neutral zone.
17:02 of 1st period - Matt Donovan is hit by Erik Cole and loses puck.
17:11 of 1st period - Wrist shot by Eric Tangradi.
17:11 of 1st period - Deflect By Jonathan Tremblay.
17:11 of 1st period - Shot Blocked by Seth Helgeson.
17:11 of 1st period - Puck is out of play.
17:12 of 1st period - Michael Latta wins face-off versus Anton Lander in Demolitions zone.
17:12 of 1st period - Michael Latta is hit by Logan Shaw.
17:31 of 1st period - Minor Penalty to Logan Shaw for Tripping.
17:32 of 1st period - Michael Latta wins face-off versus Nick Bonino in Mulligans zone.
18:38 of 1st period - Snap shot by Matt Beleskey.
18:38 of 1st period - Stopped by Karri Ramo with a rebound.
19:10 of 1st period - Brandon McMillan is hit by Cody Goloubef and loses puck.
19:31 of 1st period - Penalty to Logan Shaw is over, Logan Shaw is back on ice.
19:41 of 1st period - Snap shot by Drayson Bowman.
19:41 of 1st period - Stopped by Karri Ramo with a rebound.
19:59 of 1st period - Andrej Nestrasil is hit by Valeri Nichushkin and loses puck.
Goals for this period are 1 for Mulligans vs 1 for Demolitions.
Shots for this period are 13 for Mulligans vs 9 for Demolitions.
2nd period
0:01 of 2nd period - Nick Bonino wins face-off versus Michael Latta in neutral zone.
0:05 of 2nd period - Wrist shot by Jonathan Tremblay.
0:05 of 2nd period - Shot Misses the Net.
0:07 of 2nd period - Snap shot by Jonathan Tremblay.
0:07 of 2nd period - Shot Misses the Net.
0:13 of 2nd period - Slapshot by Eric Tangradi.
0:13 of 2nd period - Stopped by Karri Ramo without a rebound.
0:14 of 2nd period - Michael Latta wins face-off versus Eric Tangradi in Demolitions zone.
0:39 of 2nd period - Jonathan Blum is hit by Maxime Macenauer.
0:43 of 2nd period - Slapshot by Brandon McMillan.
0:43 of 2nd period - Stopped by Calvin Pickard without a rebound.
0:44 of 2nd period - Michael Latta wins face-off versus Maxime Macenauer in Mulligans zone.
0:49 of 2nd period - Snap shot by Michael Latta.
0:49 of 2nd period - Shot Blocked by Ben Hutton.
0:51 of 2nd period - Slapshot by Cameron Schilling.
0:51 of 2nd period - Shot Misses the Net.
0:53 of 2nd period - Wrist shot by Michael Latta.
0:53 of 2nd period - Deflect By Maxime Macenauer.
0:53 of 2nd period - Goal by Michael Latta - Mulligans : 1 - Demolitions : 2.
0:54 of 2nd period - Michael Latta wins face-off versus Nick Bonino in neutral zone.
1:01 of 2nd period - Snap shot by Spencer Machacek.
1:01 of 2nd period - Shot Misses the Net.
1:03 of 2nd period - Wrist shot by Seth Helgeson.
1:03 of 2nd period - Shot Blocked by Eric Tangradi.
1:05 of 2nd period - Snap shot by Spencer Machacek.
1:05 of 2nd period - Stopped by Calvin Pickard with a rebound.
1:07 of 2nd period - Snap shot by Erik Cole.
1:07 of 2nd period - Stopped by Calvin Pickard with a rebound.
1:09 of 2nd period - Wrist shot by Spencer Machacek.
1:09 of 2nd period - Shot Misses the Net.
1:19 of 2nd period - Brandon McMillan is hit by Anton Lander and loses puck.
1:45 of 2nd period - Billy Sweat is hit by Joonas Donskoi and loses puck.
2:10 of 2nd period - Snap shot by Michael Latta.
2:10 of 2nd period - Stopped by Calvin Pickard with a rebound.
2:12 of 2nd period - Backhand shot by Cameron Schilling.
2:12 of 2nd period - Shot Misses the Net.
2:14 of 2nd period - Wrist shot by Erik Cole.
2:14 of 2nd period - Shot Misses the Net.
2:20 of 2nd period - Slapshot by Spencer Machacek.
2:20 of 2nd period - Deflect By Michael Latta.
2:20 of 2nd period - Stopped by Calvin Pickard with a rebound.
2:40 of 2nd period - Snap shot by Andrej Nestrasil.
2:40 of 2nd period - Shot Misses the Net.
3:44 of 2nd period - Minor Penalty to Jonathan Tremblay for Hooking.
3:45 of 2nd period - Michael Latta wins face-off versus Nick Bonino in Mulligans zone.
4:16 of 2nd period - Cody Goloubef is hit by Dennis Everberg and loses puck.
4:52 of 2nd period - Off-side.
4:53 of 2nd period - Michael Latta wins face-off versus Matt Beleskey in neutral zone.
4:57 of 2nd period - Off-side.
4:58 of 2nd period - Matt Beleskey wins face-off versus Michael Latta in neutral zone.
5:35 of 2nd period - Matt Donovan is hit by Michael Latta and loses puck.
5:44 of 2nd period - Penalty to Jonathan Tremblay is over, Jonathan Tremblay is back on ice.
5:46 of 2nd period - Snap shot by Spencer Machacek.
5:46 of 2nd period - Deflect By Erik Cole.
5:46 of 2nd period - Stopped by Calvin Pickard without a rebound.
5:47 of 2nd period - Corban Knight wins face-off versus Nick Bonino in Mulligans zone.
5:50 of 2nd period - Wrist shot by Corban Knight.
5:50 of 2nd period - Deflect By Dennis Everberg.
5:50 of 2nd period - Stopped by Calvin Pickard without a rebound.
5:51 of 2nd period - Corban Knight wins face-off versus Nick Bonino in Mulligans zone.
5:52 of 2nd period - Snap shot by Brandon McMillan.
5:52 of 2nd period - Shot Misses the Net.
6:22 of 2nd period - Snap shot by Logan Shaw.
6:22 of 2nd period - Stopped by Karri Ramo without a rebound.
6:23 of 2nd period - Anton Lander wins face-off versus Michael Latta in Demolitions zone.
6:24 of 2nd period - Wrist shot by Drayson Bowman.
6:24 of 2nd period - Stopped by Karri Ramo with a rebound.
6:26 of 2nd period - Wrist shot by Anton Lander.
6:26 of 2nd period - Stopped by Karri Ramo without a rebound.
6:27 of 2nd period - Nick Bonino wins face-off versus Michael Latta in Demolitions zone.
6:30 of 2nd period - Slapshot by Jonathan Tremblay.
6:30 of 2nd period - Shot Misses the Net.
6:32 of 2nd period - Slapshot by Matt Donovan.
6:32 of 2nd period - Stopped by Karri Ramo with a rebound.
6:34 of 2nd period - Snap shot by Eric Tangradi.
6:34 of 2nd period - Shot Misses the Net.
6:36 of 2nd period - Slapshot by Matt Donovan.
6:36 of 2nd period - Stopped by Karri Ramo with a rebound.
6:38 of 2nd period - Slapshot by Matt Donovan.
6:38 of 2nd period - Shot Misses the Net.
6:40 of 2nd period - Wrist shot by Jonathan Tremblay.
6:40 of 2nd period - Shot Blocked by Cameron Schilling.
6:42 of 2nd period - Snap shot by Nick Bonino.
6:42 of 2nd period - Goal by Nick Bonino - Mulligans : 2 - Demolitions : 2.
6:43 of 2nd period - Michael Latta wins face-off versus Nick Bonino in neutral zone.
6:46 of 2nd period - Slapshot by Jonathan Blum.
6:46 of 2nd period - Stopped by Calvin Pickard with a rebound.
6:48 of 2nd period - Wrist shot by Erik Cole.
6:48 of 2nd period - Stopped by Calvin Pickard with a rebound.
6:50 of 2nd period - Snap shot by Erik Cole.
6:50 of 2nd period - Shot Misses the Net.
6:52 of 2nd period - Snap shot by Spencer Machacek.
6:52 of 2nd period - Shot Misses the Net.
7:08 of 2nd period - Seth Helgeson is hit by Matt Donovan and loses puck.
7:53 of 2nd period - Slapshot by Jonathan Blum.
7:53 of 2nd period - Shot Blocked by Ben Hutton.
8:19 of 2nd period - Snap shot by Nick Bonino.
8:19 of 2nd period - Shot Blocked by Jonathan Blum.
8:21 of 2nd period - Snap shot by Darren Dietz.
8:21 of 2nd period - Stopped by Karri Ramo with a rebound.
9:25 of 2nd period - Wrist shot by Eric Tangradi.
9:25 of 2nd period - Shot Misses the Net.
9:52 of 2nd period - Dennis Everberg is hit by Ben Hutton and loses puck.
9:59 of 2nd period - Wrist shot by Maxime Macenauer.
9:59 of 2nd period - Stopped by Karri Ramo with a rebound.
10:01 of 2nd period - Wrist shot by Sven Baertschi.
10:01 of 2nd period - Shot Misses the Net.
10:03 of 2nd period - Slapshot by Maxime Macenauer.
10:03 of 2nd period - Shot Blocked by Cameron Schilling.
10:23 of 2nd period - Aaron Palushaj is hit by Anton Lander.
10:27 of 2nd period - Snap shot by Anton Lander.
10:27 of 2nd period - Stopped by Karri Ramo without a rebound.
10:27 of 2nd period - Minor Penalty to Karri Ramo for Slashing.
10:28 of 2nd period - Erik Cole wins face-off versus Nick Bonino in Demolitions zone.
10:44 of 2nd period - Wrist shot by Eric Tangradi.
10:44 of 2nd period - Shot Misses the Net.
11:00 of 2nd period - Slapshot by Logan Shaw.
11:00 of 2nd period - Stopped by Karri Ramo with a rebound.
11:02 of 2nd period - Slapshot by Michael Sdao.
11:02 of 2nd period - Goal by Michael Sdao - Mulligans : 3 - Demolitions : 2.
11:03 of 2nd period - Michael Latta wins face-off versus Nick Bonino in neutral zone.
11:06 of 2nd period - Nick Bonino is hit by Spencer Machacek and loses puck.
11:43 of 2nd period - Snap shot by Eric Tangradi.
11:43 of 2nd period - Stopped by Karri Ramo with a rebound.
11:45 of 2nd period - Snap shot by Jonathan Tremblay.
11:45 of 2nd period - Stopped by Karri Ramo without a rebound.
11:46 of 2nd period - Corban Knight wins face-off versus Anton Lander in Demolitions zone.
11:55 of 2nd period - Slapshot by Brandon McMillan.
11:55 of 2nd period - Deflect By Dennis Everberg.
11:55 of 2nd period - Stopped by Calvin Pickard with a rebound.
11:57 of 2nd period - Slapshot by Seth Helgeson.
11:57 of 2nd period - Stopped by Calvin Pickard with a rebound.
11:59 of 2nd period - Snap shot by Brandon McMillan.
11:59 of 2nd period - Shot Misses the Net.
12:01 of 2nd period - Slapshot by Seth Helgeson.
12:01 of 2nd period - Stopped by Calvin Pickard without a rebound.
12:02 of 2nd period - Maxime Macenauer wins face-off versus Michael Latta in Mulligans zone.
12:54 of 2nd period - Wrist shot by Billy Sweat.
12:54 of 2nd period - Shot Blocked by Ben Hutton.
12:56 of 2nd period - Snap shot by Aaron Palushaj.
12:56 of 2nd period - Stopped by Calvin Pickard without a rebound.
12:57 of 2nd period - Michael Latta wins face-off versus Nick Bonino in Mulligans zone.
13:20 of 2nd period - Icing by Spencer Machacek.
13:21 of 2nd period - Anton Lander wins face-off versus Michael Latta in Demolitions zone.
13:22 of 2nd period - Snap shot by Drayson Bowman.
13:22 of 2nd period - Stopped by Karri Ramo with a rebound.
13:24 of 2nd period - Snap shot by Logan Shaw.
13:24 of 2nd period - Shot Misses the Net.
13:26 of 2nd period - Slapshot by Michael Sdao.
13:26 of 2nd period - Shot Hit the Post.
13:28 of 2nd period - Wrist shot by Anton Lander.
13:28 of 2nd period - Stopped by Karri Ramo with a rebound.
13:30 of 2nd period - Slapshot by Drayson Bowman.
13:30 of 2nd period - Shot Misses the Net.
13:32 of 2nd period - Slapshot by Michael Sdao.
13:32 of 2nd period - Stopped by Karri Ramo with a rebound.
13:34 of 2nd period - Snap shot by Logan Shaw.
13:34 of 2nd period - Stopped by Karri Ramo without a rebound.
13:35 of 2nd period - Nick Bonino wins face-off versus Brandon McMillan in Demolitions zone.
13:40 of 2nd period - Wrist shot by Nick Bonino.
13:40 of 2nd period - Shot Blocked by Dennis Everberg.
13:42 of 2nd period - Wrist shot by Nick Bonino.
13:42 of 2nd period - Stopped by Karri Ramo with a rebound.
13:44 of 2nd period - Slapshot by Matt Donovan.
13:44 of 2nd period - Stopped by Karri Ramo without a rebound.
13:45 of 2nd period - Corban Knight wins face-off versus Nick Bonino in Demolitions zone.
13:52 of 2nd period - Seth Helgeson is hit by Jonathan Tremblay and loses puck.
14:25 of 2nd period - Wrist shot by Nick Bonino.
14:25 of 2nd period - Shot Blocked by Seth Helgeson.
14:27 of 2nd period - Slapshot by Cody Goloubef.
14:27 of 2nd period - Stopped by Karri Ramo without a rebound.
14:28 of 2nd period - Michael Latta wins face-off versus Anton Lander in Demolitions zone.
14:28 of 2nd period - Michael Latta is hit by Michael Sdao.
14:31 of 2nd period - Minor Penalty to Cameron Schilling for Boarding.
14:32 of 2nd period - Nick Bonino wins face-off versus Spencer Machacek in Demolitions zone.
15:02 of 2nd period - Snap shot by Matt Donovan.
15:02 of 2nd period - Shot Blocked by Spencer Machacek.
15:04 of 2nd period - Snap shot by Anton Lander.
15:04 of 2nd period - Deflect By Jonathan Blum.
15:04 of 2nd period - Shot Misses the Net.
15:04 of 2nd period - Puck is out of play.
15:05 of 2nd period - Erik Cole wins face-off versus Nick Bonino in Demolitions zone.
16:31 of 2nd period - Penalty to Cameron Schilling is over, Cameron Schilling is back on ice.
16:41 of 2nd period - Joel Vermin is hit by Michael Sdao and loses puck.
17:15 of 2nd period - Corban Knight is hit by Matt Donovan and loses puck.
18:09 of 2nd period - Slapshot by Andrej Nestrasil.
18:09 of 2nd period - Shot Blocked by Michael Sdao.
18:11 of 2nd period - Wrist shot by Joel Vermin.
18:11 of 2nd period - Stopped by Calvin Pickard without a rebound.
18:11 of 2nd period - Minor Penalty to Calvin Pickard for Delaying the game.
18:12 of 2nd period - Michael Latta wins face-off versus Nick Bonino in Mulligans zone.
18:46 of 2nd period - Slapshot by Dmitri Orlov.
18:46 of 2nd period - Stopped by Calvin Pickard with a rebound.
18:52 of 2nd period - Slapshot by Matt Donovan.
18:52 of 2nd period - Stopped by Karri Ramo with a rebound.
Goals for this period are 2 for Mulligans vs 1 for Demolitions.
Shots for this period are 22 for Mulligans vs 16 for Demolitions.
3rd period
0:01 of 3rd period - Nick Bonino wins face-off versus Michael Latta in neutral zone.
0:04 of 3rd period - Slapshot by Cody Goloubef.
0:04 of 3rd period - Stopped by Karri Ramo without a rebound.
0:05 of 3rd period - Michael Latta wins face-off versus Nick Bonino in Demolitions zone.
0:11 of 3rd period - Penalty to Michael Sdao is over, Michael Sdao is back on ice.
1:10 of 3rd period - Jonathan Blum is hit by Cade Fairchild and loses puck.
1:43 of 3rd period - Snap shot by Dennis Everberg.
1:43 of 3rd period - Shot Blocked by Darren Dietz.
1:45 of 3rd period - Slapshot by Jonathan Blum.
1:45 of 3rd period - Shot Blocked by Darren Dietz.
2:03 of 3rd period - Maxime Macenauer is hit by Brandon McMillan and loses puck.
2:16 of 3rd period - Snap shot by Brandon McMillan.
2:16 of 3rd period - Stopped by Calvin Pickard without a rebound.
2:17 of 3rd period - Michael Latta wins face-off versus Nick Bonino in Mulligans zone.
3:21 of 3rd period - Matt Donovan is hit by Cameron Schilling and loses puck.
4:05 of 3rd period - Dalton Thrower is hit by Taylor Aronson and loses puck.
4:12 of 3rd period - Derek Forbort is hit by Michael Sdao and loses puck.
5:03 of 3rd period - Joel Vermin is hit by Ben Hutton and loses puck.
5:30 of 3rd period - Dmitri Orlov is hit by Matt Beleskey.
5:40 of 3rd period - Wrist shot by Cody Goloubef.
5:40 of 3rd period - Shot Misses the Net.
6:20 of 3rd period - Matt Beleskey is hit by Alex Hutchings and loses puck.
6:35 of 3rd period - Jonathan Blum is hit by Nick Bonino and loses puck.
7:05 of 3rd period - Jonathan Blum is hit by Ben Hutton and loses puck.
7:33 of 3rd period - Cameron Schilling is hit by Logan Shaw and loses puck.
8:04 of 3rd period - Wrist shot by Nick Bonino.
8:04 of 3rd period - Shot Blocked by Cameron Schilling.
8:26 of 3rd period - Drayson Bowman is hit by Spencer Machacek and loses puck.
8:33 of 3rd period - Seth Helgeson is hit by Drayson Bowman and loses puck.
8:46 of 3rd period - Logan Shaw is hit by Corban Knight and loses puck.
9:43 of 3rd period - Seth Helgeson is hit by Michael Sdao and loses puck.
9:48 of 3rd period - Wrist shot by Matt Beleskey.
9:48 of 3rd period - Deflect By Valeri Nichushkin.
9:48 of 3rd period - Shot Blocked by Jonathan Blum.
9:48 of 3rd period - Puck is out of play.
9:49 of 3rd period - Michael Latta wins face-off versus Christoph Bertschy in Demolitions zone.
10:02 of 3rd period - Snap shot by Matt Beleskey.
10:02 of 3rd period - Shot Misses the Net.
10:10 of 3rd period - Snap shot by Matt Beleskey.
10:10 of 3rd period - Stopped by Karri Ramo with a rebound.
10:12 of 3rd period - Slapshot by Valeri Nichushkin.
10:12 of 3rd period - Stopped by Karri Ramo with a rebound.
10:14 of 3rd period - Wrist shot by Valeri Nichushkin.
10:14 of 3rd period - Deflect By Christoph Bertschy.
10:14 of 3rd period - Deflect By Jonathan Blum.
10:14 of 3rd period - Shot Blocked by Jonathan Blum.
10:14 of 3rd period - Puck is out of play.
10:15 of 3rd period - Nick Bonino wins face-off versus Phil McRae in Demolitions zone.
10:22 of 3rd period - Snap shot by Billy Sweat.
10:22 of 3rd period - Shot Misses the Net.
10:24 of 3rd period - Slapshot by Derek Forbort.
10:24 of 3rd period - Deflect By Phil McRae.
10:24 of 3rd period - Stopped by Calvin Pickard with a rebound.
10:26 of 3rd period - Slapshot by Derek Forbort.
10:26 of 3rd period - Shot Blocked by Ben Hutton.
10:28 of 3rd period - Slapshot by Taylor Aronson.
10:28 of 3rd period - Shot Misses the Net.
11:23 of 3rd period - Snap shot by Jonathan Blum.
11:23 of 3rd period - Shot Blocked by Matt Donovan.
12:08 of 3rd period - Taylor Aronson is hit by Drayson Bowman and loses puck.
12:13 of 3rd period - Slapshot by Logan Shaw.
12:13 of 3rd period - Shot Misses the Net.
12:15 of 3rd period - Wrist shot by Anton Lander.
12:15 of 3rd period - Stopped by Karri Ramo without a rebound.
12:16 of 3rd period - Maxime Macenauer wins face-off versus Michael Latta in Demolitions zone.
12:23 of 3rd period - Slapshot by Joonas Donskoi.
12:23 of 3rd period - Shot Hit the Post.
12:31 of 3rd period - Joonas Donskoi is hit by Seth Helgeson and loses puck.
12:42 of 3rd period - Snap shot by Dennis Everberg.
12:42 of 3rd period - Goal by Dennis Everberg - Mulligans : 3 - Demolitions : 3.
12:43 of 3rd period - Nick Bonino wins face-off versus Michael Latta in neutral zone.
13:12 of 3rd period - Slapshot by Dennis Everberg.
13:12 of 3rd period - Deflect By Brandon McMillan.
13:12 of 3rd period - Shot Misses the Net.
13:12 of 3rd period - Puck is out of play.
13:13 of 3rd period - Anton Lander wins face-off versus Corban Knight in Mulligans zone.
14:12 of 3rd period - Slapshot by Nick Bonino.
14:12 of 3rd period - Shot Blocked by Taylor Aronson.
14:14 of 3rd period - Slapshot by Cody Goloubef.
14:14 of 3rd period - Stopped by Karri Ramo with a rebound.
14:16 of 3rd period - Backhand shot by Nick Bonino.
14:16 of 3rd period - Stopped by Karri Ramo without a rebound.
14:17 of 3rd period - Anton Lander wins face-off versus Michael Latta in Demolitions zone.
14:28 of 3rd period - Slapshot by Michael Sdao.
14:28 of 3rd period - Shot Blocked by Seth Helgeson.
14:30 of 3rd period - Slapshot by Drayson Bowman.
14:30 of 3rd period - Shot Misses the Net.
14:32 of 3rd period - Snap shot by Drayson Bowman.
14:32 of 3rd period - Stopped by Karri Ramo without a rebound.
14:33 of 3rd period - Michael Latta wins face-off versus Maxime Macenauer in Demolitions zone.
14:33 of 3rd period - Michael Latta is hit by Sven Baertschi.
14:47 of 3rd period - Snap shot by Michael Latta.
14:47 of 3rd period - Shot Blocked by Cody Goloubef.
15:54 of 3rd period - Cameron Schilling is hit by Jonathan Tremblay and loses puck.
16:13 of 3rd period - Dennis Everberg is hit by Cade Fairchild and loses puck.
16:26 of 3rd period - Taylor Aronson is hit by Cade Fairchild and loses puck.
16:54 of 3rd period - Wrist shot by Logan Shaw.
16:54 of 3rd period - Stopped by Karri Ramo with a rebound.
17:19 of 3rd period - Wrist shot by Michael Latta.
17:19 of 3rd period - Shot Misses the Net.
18:46 of 3rd period - Snap shot by Jonathan Blum.
18:46 of 3rd period - Deflect By Drayson Bowman.
18:46 of 3rd period - Stopped by Calvin Pickard without a rebound.
18:47 of 3rd period - Michael Latta wins face-off versus Maxime Macenauer in Mulligans zone.
18:48 of 3rd period - Snap shot by Spencer Machacek.
18:48 of 3rd period - Stopped by Calvin Pickard without a rebound.
18:49 of 3rd period - Maxime Macenauer wins face-off versus Michael Latta in Mulligans zone.
19:03 of 3rd period - Snap shot by Maxime Macenauer.
19:03 of 3rd period - Shot Misses the Net.
19:05 of 3rd period - Snap shot by Sven Baertschi.
19:05 of 3rd period - Shot Misses the Net.
19:44 of 3rd period - Nick Bonino is hit by Michael Latta and loses puck.
19:52 of 3rd period - Icing by Eric Tangradi.
19:53 of 3rd period - Nick Shore wins face-off versus Nick Bonino in Mulligans zone.
Goals for this period are 0 for Mulligans vs 1 for Demolitions.
Shots for this period are 8 for Mulligans vs 5 for Demolitions.
Overtime #1
0:01 of 1st overtime period - Erik Cole wins face-off versus Nick Bonino in neutral zone.
0:06 of 1st overtime period - Snap shot by Erik Cole.
0:06 of 1st overtime period - Stopped by Calvin Pickard without a rebound.
0:07 of 1st overtime period - Erik Cole wins face-off versus Nick Bonino in Mulligans zone.
0:18 of 1st overtime period - Snap shot by Eric Tangradi.
0:18 of 1st overtime period - Shot Blocked by Jonathan Blum.
0:43 of 1st overtime period - Ben Hutton is hit by Spencer Machacek.
0:53 of 1st overtime period - Slapshot by Jonathan Blum.
0:53 of 1st overtime period - Shot Misses the Net.
1:25 of 1st overtime period - Cameron Schilling is hit by Cody Goloubef and loses puck.
1:50 of 1st overtime period - Michael Sdao is hit by Cameron Schilling and loses puck.
2:27 of 1st overtime period - Matt Donovan is hit by Jonathan Blum.
3:18 of 1st overtime period - Cameron Schilling is hit by Eric Tangradi and loses puck.
3:57 of 1st overtime period - Maxime Macenauer is hit by Billy Sweat and loses puck.
4:02 of 1st overtime period - Wrist shot by Billy Sweat.
4:02 of 1st overtime period - Shot Misses the Net.
4:04 of 1st overtime period - Slapshot by Derek Forbort.
4:04 of 1st overtime period - Shot Misses the Net.
4:06 of 1st overtime period - Wrist shot by Dmitri Orlov.
4:06 of 1st overtime period - Stopped by Calvin Pickard with a rebound.
4:30 of 1st overtime period - Corban Knight is hit by Sven Baertschi and loses puck.
Goals for this period are 0 for Mulligans vs 0 for Demolitions.
Shots for this period are 0 for Mulligans vs 2 for Demolitions.
ShootOut
5:00 of 1st overtime period - Round #1.
5:00 of 1st overtime period - Mulligans, Nick Bonino.
5:00 of 1st overtime period - Backhand shot by Nick Bonino.
5:00 of 1st overtime period - Stopped by Karri Ramo.
5:00 of 1st overtime period - Demolitions, Erik Cole.
5:00 of 1st overtime period - Wrist shot by Erik Cole.
5:00 of 1st overtime period - Goal by Erik Cole.
5:00 of 1st overtime period - Round #2.
5:00 of 1st overtime period - Mulligans, Eric Tangradi.
5:00 of 1st overtime period - Snap shot by Eric Tangradi.
5:00 of 1st overtime period - Shot Misses the Net.
5:00 of 1st overtime period - Demolitions, Spencer Machacek.
5:00 of 1st overtime period - Backhand shot by Spencer Machacek.
5:00 of 1st overtime period - Stopped by Calvin Pickard.
5:00 of 1st overtime period - Round #3.
5:00 of 1st overtime period - Mulligans, Anton Lander.
5:00 of 1st overtime period - Snap shot by Anton Lander.
5:00 of 1st overtime period - Goal by Anton Lander.
5:00 of 1st overtime period - Demolitions, Michael Latta.
5:00 of 1st overtime period - Wrist shot by Michael Latta.
5:00 of 1st overtime period - Goal by Michael Latta.
Back to the Top